Description

1 Base Baneling Bust

Replay - Lambo v Reynor: Game 2 - [ESL] Oceanborn

Build Order

Get SALT Encoding   

  12  0:00  Drone  
  13  0:09  Extractor  
  12  0:23  Spawning Pool  
  11  0:28  Drone x2  
  13  0:40  Drone  
  14  0:51  Overlord  
  14  1:10  Metabolic Boost, Zergling x6  
  17  1:23  Zergling x2  
  18  1:29  Baneling Nest  
  17  1:34  Zergling x2  
  18  1:49  Zergling x2  
  19  1:56  Zergling x2  
  20  2:06  Zergling x2  
  21  2:13  Baneling x2  
  21  2:16  Zergling x2  
  22  2:25  Baneling  
  21  2:39  Zergling x2  
  22  2:47  Hatchery  
  22  2:49  Overlord  
  21  2:52  Baneling x2  
  21  3:03  Drone  
  20  3:10  Drone  
  20  3:11  Queen  
  20  3:25  Drone  
  19  3:32  Drone  
  20  3:48  Queen  
  23  3:53  Drone  
  24  3:59  Drone  
  25  4:04  Baneling x2  
  25  4:13  Queen  
  35  4:39  Overlord  
  43  5:14  Overlord  
  43  5:15  Roach Warren  
  43  5:17  Extractor  
  43  5:28  Hatchery  
  50  5:52  Lair  
  51  5:59  Overlord  
  51  6:19  Roach x4  
  51  6:25  Roach x5  
  67  6:38  Roach  
  86  7:04  Baneling x3  
  89  7:10  Evolution Chamber  
Spawning Tool Build Advisor. Get it on Overwolf

Go to:

Details

  • Created by: protsh
  • Published on: Jun 04, 2025
  • Modified on: Jun 04, 2025
  • Patch: 5.0.11
  • Difficulty: Medium
Show
View Real Time Build Order
Export as new Build Order

Comments (0)

There are no comments. Be the first!

Create an account to comment!